 Dungeon Crawl Stone Soup version 0.30-a0-718-geaa24f58ff (webtiles) character file.

Game seed: 95398204557512285

28 MackTheKnife the Firebug (level 2, 0/16 HPs)
             Began as a Deep Elf Wanderer on Jan 26, 2023.
             Succumbed to an adder's poison
             ... on level 1 of the Dungeon.
             The game lasted 00:02:48 (1335 turns).

MackTheKnife the Firebug (Deep Elf Wanderer)        Turns: 1335, Time: 00:02:49

Health: 0/16       AC:  0    Str:  7    XL:     2   Next: 96%
Magic:  3/7        EV: 12    Int: 19    God:
Gold:   77         SH:  0    Dex: 13    Spells: 4/5 levels left

rFire   + . .      SeeInvis .    g - staff of fire {!astaff}
rCold   . . .      Faith    .    (no shield)
rNeg    . . .      Spirit   .    (no body armour)
rPois   .          Reflect  .    (no helmet)
rElec   .          Harm     .    (no cloak)
rCorr   .          Rampage  .    (no gloves)
Will    .....                    (no boots)
Stlth   +                        (no amulet)
HPRegen 0.22/turn                (no ring)
MPRegen 0.10/turn                (no ring)

@: lethally poisoned (0 -> -4), flying, very slightly contaminated
A: no striking features
a: no special abilities


You were on level 1 of the Dungeon.
You visited 1 branch of the dungeon, and saw 2 of its levels.

You collected 77 gold pieces.


   Skills:
 - Level 1.0 Fighting
 - Level 1.0 Throwing
 - Level 1.0 Armour
 - Level 1.2 Dodging
 + Level 2.4 Spellcasting
 + Level 0.9 Conjurations
 - Level 3.3 Hexes
 + Level 3.7 Fire Magic


You had 4 spell levels left.
You knew the following spells:

 Your Spells              Type           Power      Damage    Failure   Level
a - Foxfire               Conj/Fire      64%        2x1d7     6%          1

Your spell library contained the following spells:

 Spells                   Type           Power      Damage    Failure   Level
 Slow                     Hex            60%        N/A       4%          1
 Dazzling Flash           Conj/Hex       20%        N/A       21%         3
 Kindle Blastsparks       Fire/Tloc/Air  20%        2d11      28%         3
 Anguish                  Hex/Necr       4%         N/A       63%         4

Inventory:

Hand Weapons
 a - a +0 dagger {short}
Missiles
 e - 5 stones {throwing}
Magical Staves
 g - a staff of fire (weapon) {!astaff}
   (You found it on level 1 of the Dungeon)
Scrolls
 b - a scroll of teleportation {@r4}
 c - a scroll of poison {unknown}
 d - a scroll of amnesia {unknown}
 f - a scroll of summoning {unknown}
 i - 2 scrolls of identify {unknown}
Potions
 j - a potion of curing {unknown}

Dungeon Overview and Level Annotations

Branches:
Dungeon (2/15) Zot: 10663

Altars:

#.....P~~~≈≈~~P.# #.....#
#.#..P~~≈≈≈≈≈≈≈P# ###.### #
#...############# #.# # ##.##
#.# #.# ##### #.# #.# #.# #....
##>## #.# #.# #.### #...## #.#
#.# #.# .###.##
#.########.#######.#
.###..######)...@S.....)......#
..............####....###.###.#
.###.########.# #..### #.# #.#
.# #.....# #.# #..#####.# #.###
.###.###.# #.# #........###....
..>..# #.# #.# #..####....§####
#.#### #.# #.# #...............
#..# #.# #.# #.#####.........
#..# #.# #.# #.# #..#.#####


You could see an adder.


Message History

Key pressed, stopping explore.
Key pressed, stopping explore.
Key pressed, stopping explore.
There is a stone staircase leading down here.
There is an escape hatch in the floor here.
There is a stone staircase leading down here.
Done exploring.
Done exploring.
Done exploring.
Done exploring.
(D) Dungeon
Where to? (? - help)
What level of the Dungeon? (default 1, ? - help)
You see here a +0 whip {mace}.
There is a stone staircase leading down here.
You climb downwards.
There is a stone staircase leading up here.
An adder comes into view.
An adder is nearby!
An adder is nearby!
Casting: Foxfire (safe; 6% risk of failure)
Confirm with . or Enter, or press ? or * to list all spells.
Okay, then.
Casting: Foxfire (safe; 6% risk of failure)
Confirm with . or Enter, or press ? or * to list all spells.
You feel a surge of power!
You conjure some foxfire! 😎 MP[-1]
You lost 1 mp, and now have 6/7 mp.
Unknown command.
The foxfire hits the adder.
There is a stone staircase leading up here.
Casting: Foxfire (safe; 6% risk of failure)
Confirm with . or Enter, or press ? or * to list all spells.
You feel a surge of power!
You conjure some foxfire! 😎 MP[-1]
You lost 1 mp, and now have 5/7 mp.
Unknown command.
Casting: Foxfire (safe; 6% risk of failure)
Confirm with . or Enter, or press ? or * to list all spells.
You feel a surge of power!
There is not enough space to conjure foxfire!
Unknown command.
Casting: Foxfire (safe; 6% risk of failure)
Confirm with . or Enter, or press ? or * to list all spells.
You feel a surge of power!
There is not enough space to conjure foxfire!
Unknown command.
Okay, then.
Unknown command.
Casting: Foxfire (safe; 6% risk of failure)
Confirm with . or Enter, or press ? or * to list all spells.
You feel a surge of power!
You conjure some foxfire!
The adder bites you. 😮 HP[-4] MP[-1]
You take 4 damage, and now have 12/16 hp.
MASSIVE DAMAGE!! (PAUSE)
You lost 1 mp, and now have 4/7 mp.
Unknown command.
The adder attacks as you move away! The adder closely misses you.
The adder barely misses you.
There is a stone staircase leading up here.
The adder bites you.
You climb upwards.
There is a stone staircase leading down here. 😮 HP[-1]
You take 1 damage, and now have 11/16 hp.
Casting: Foxfire (safe; 6% risk of failure)
Confirm with . or Enter, or press ? or * to list all spells.
You feel a surge of power!
You conjure some foxfire!
The adder bites you.
* * * LOW HITPOINT WARNING * * *
You are poisoned.
The adder poisons you! 😨 HP[-4]
You take 4 damage, and now have 7/16 hp.
MASSIVE DAMAGE!! (PAUSE) Unknown command.
* * * LOW HITPOINT WARNING * * *
You feel sick.
The foxfire hits the adder but does no damage.
The adder bites you.
* * * LOW HITPOINT WARNING * * *
😱 HP[-3]
You take 3 damage, and now have 4/16 hp.
Unknown command.
Casting: Foxfire (safe; 6% risk of failure)
Confirm with . or Enter, or press ? or * to list all spells.
You feel a surge of power!
You miscast Foxfire.
You are very lightly contaminated with residual magic.
Nothing appears to happen.
* * * LOW HITPOINT WARNING * * *
You feel sick. The adder bites you.
* * * LOW HITPOINT WARNING * * *
😱 HP[-3] MP[-1]
You take 3 damage, and now have 1/16 hp.
You lost 1 mp, and now have 3/7 mp.
Unknown command.
It was a potion of flight.
You feel very buoyant.
You fly up into the air.
You die...

Skill      XL: |  1 |
---------------+----+-----
Hexes          | 3 |  3.3
Spellcasting   | 2 |  2.4
Fighting       | |  1.0
Throwing       | |  1.0
Armour         | |  1.0
Dodging        | |  1.2
Conjurations   | |  0.9
Fire Magic     | |  3.7

Action                     || total
---------------------------++-------
  Melee: Dagger            ||    14
         Staff             ||    11
   Cast: Foxfire           ||    52
    Use: Potion            ||     1
   Stab: Sleeping          ||     1
  Dodge: Dodged            ||    37

Levels and vault maps discovered:
D:1:      eino_arrival_druids_welcome, layout_loops_ring
D:2:      layout_basic, uniq_robin, uniq_sigmund

Notes
Turn   | Place    | Note
-------+----------+-------------------------------------------
     0 | D:1      | MackTheKnife the Deep Elf Wanderer began the quest for the
                  | Orb.
     0 | D:1      | MackTheKnife set off with the following items: a +0 dagger
                  | {short}, a scroll of teleportation {@r4}, a +0 ring mail;
                  | and the following spells available to memorise: Slow,
                  | Foxfire, Dazzling Flash, Kindle Blastsparks, Anguish.
     0 | D:1      | Reached XP level 1. HP: 12/12 MP: 5/5
     0 | D:1      | magus.rc [v1.9.6]
     2 | D:1      | Learned a level 1 spell: Foxfire
    89 | D:1      | Reached skill level 3 in Hexes
    91 | D:1      | Reached skill level 2 in Spellcasting
   155 | D:1      | Reached XP level 2. HP: 8/16 MP: 1/7
   285 | D:1      | HP: 3/16 [dart slug/slug dart (5)]
  1333 | D:1      | HP: 4/16 [adder (1)]
  1334 | D:1      | HP: 1/16 [adder (3)]
  1335 | D:1      | Succumbed to an adder's poison

Vanquished Creatures
  A dart slug (D:1)
  3 bats (D:1)
  2 endoplasms (D:1)
  A goblin (D:1)
  5 hobgoblins (D:1)
  3 kobolds (D:1)
  A ball python (D:1)
  3 frilled lizards (D:1)
  6 rats (D:1)
25 creatures vanquished.

Vanquished Creatures (collateral kills)
  A foxfire (D:1)
1 creature vanquished.

Vanquished Creatures (others)
  61 foxfires
61 creatures vanquished.

Grand Total: 87 creatures vanquished

Table legend:
 A = Non-vault XP
 B = Vault XP
 C = Vault XP percentage of total XP
 D = Non-vault monster count
 E = Vault monster count
 F = Vault count percentage of total count
                 A         B        C        D         E       F
            +---------+---------+-------+---------+---------+-------
      Total |      40 |       0 |   0.0 |      25 |       0 |   0.0
            +---------+---------+-------+---------+---------+-------
        D:1 |      40 |       0 |   0.0 |      25 |       0 |   0.0
            +---------+---------+-------+---------+---------+-------

Illustrated notes

Table legend:
 A = Kills in this place as a percentage of kills in entire the game.
 B = Kills by you in this place as a percentage of kills by you in the entire game.
 C = Kills by friends in this place as a percentage of kills by friends in the entire game.
 D = Other kills in this place as a percentage of other kills in the entire game.
 E = Experience gained in this place as a percentage of experience gained in the entire game.
 F = Experience gained in this place divided by the number of levels of this place that you have seen.
                   A       B       C       D       E      F
               +-------+-------+-------+-------+-------+----------------------
         Total | 100.0 | 100.0 |   N/A |   N/A | 100.0 |  20.0
       Dungeon | 100.0 | 100.0 |   N/A |   N/A | 100.0 |  20.0
               +-------+-------+-------+-------+-------+----------------------

Table legend: (Time is in decaauts)
 A = Elapsed time spent in this place.
 B = Non-inter-level travel time spent in this place.
 C = Inter-level travel time spent in this place.
 D = Time resting spent in this place.
 E = Time spent auto-exploring this place.
 F = Levels seen in this place.
 G = Mean time per level.
                   A        B        C        D        E       F      G
               +--------+--------+--------+--------+--------+-----+--------+
         Total |   1337 |   1296 |     41 |    307 |    785 |   2 |  668.5 |
       Dungeon |   1337 |   1296 |     41 |    307 |    785 |   2 |  668.5 |
               +--------+--------+--------+--------+--------+-----+--------+

Top non-repeatable levels by time:
     D:1: 1328 daAuts
     D:2: 8 daAuts
